 Dungeon Crawl Stone Soup version 0.18-a0-1426-g3b9a63c (webtiles) character file.

15813 Foomius the Black Sun (level 12, -3/132 HPs)
             Began as a Demonspawn Necromancer on Feb 27, 2016.
             Was a High Priest of Kikubaaqudgha.
             Killed from afar by a gargoyle (25 damage)
             ... with a stone arrow
             ... in a volcano.
             The game lasted 01:10:42 (11170 turns).

Foomius the Black Sun (Demonspawn Necromancer)     Turns: 11170, Time: 01:10:42

Health: -3/132     AC: 13    Str: 14    XL:     12   Next: 4%
Magic:  30/31      EV: 13    Int: 21    God:    Kikubaaqudgha [*****.]
Gold:   813        SH:  0    Dex: 13    Spells: 8 memorised, 1 level left

rFire  + + .     SeeInvis .     a - +6 scimitar of Flaming Death {sticky flame, rPois rF++ rC- MR+}
rCold  x . .     Gourm    +     D - +0 ring mail
rNeg   . . .     Faith    .     (no shield)
rPois  +         Spirit   .     x - +1 helmet
rElec  .         Dismiss  .     (no cloak)
rCorr  .         Reflect  .     r - +0 pair of gloves
SustAt +         Harm     .     (boots unavailable)
MR     +....                    s - amulet of the gourmand
Stlth  ..........               M - ring of sustain attributes
                                b - ring of magical power

@: berserking (expiring), regenerating, very quick, somewhat resistant to
hostile enchantments, extremely unstealthy
A: talons 3, rough black scales 1, powered by death 2, spiny 2
a: Receive Corpses, Torment, Renounce Religion


You were in a volcano.
You worshipped Kikubaaqudgha.
Kikubaaqudgha was extremely pleased with you.
You were very full.

You visited 3 branches of the dungeon, and saw 13 of its levels.
You also visited: Volcano.

You collected 933 gold pieces.
You spent 120 gold pieces at shops.

Inventory:

Hand Weapons
 a - the +6 scimitar of Flaming Death (weapon) {sticky flame, rPois rF++ rC- MR+}
   (You found it on level 4 of the Dungeon)

   It has been specially enchanted to burn those struck by it, causing extra
   injury to most foes and up to half again as much damage against particularly
   susceptible opponents.
   Big, fiery blades are also staple armaments of hydra-hunters.
   It greatly protects you from fire.
   It makes you vulnerable to cold.
   It protects you from poison.
   It affects your resistance to hostile enchantments.
Missiles
 p - 3 poisoned tomahawks
 Q - 2 javelins (quivered)
 V - 17 tomahawks
Armour
 r - a +0 pair of gloves (worn)
 x - a +1 helmet (worn)
 D - a +0 ring mail (worn)
 K - a +1 leather armour of fire resistance
Jewellery
 b - a ring of magical power (left hand)
 s - an amulet of the gourmand (around neck)
 M - a ring of sustain attributes (right hand)
Wands
 d - a wand of confusion (1/48)
 q - a wand of confusion (1/48)
 R - a wand of flame (26/48)
 T - a wand of iceblast (6/15)
 W - a wand of flame (39/48)
 X - a wand of flame (18/48)
Scrolls
 e - a scroll of immolation {unknown}
 h - a scroll of enchant weapon {unknown}
 k - a scroll of enchant armour
 n - a scroll of magic mapping {unknown}
 o - a scroll of recharging {unknown}
 v - 16 scrolls of remove curse
 y - a scroll of blinking {unknown}
 A - a scroll of brand weapon {unknown}
 F - 4 scrolls of teleportation
 G - 5 scrolls of fog
 L - a scroll of fear {unknown}
 U - a scroll of vulnerability {unknown}
Potions
 g - 2 potions of invisibility {unknown}
 j - a potion of heal wounds {unknown}
 l - 5 potions of curing
 m - a potion of brilliance
 t - 2 potions of flight
 w - 2 potions of ambrosia
 z - 3 potions of cancellation {unknown}
 C - a potion of lignification
 E - a potion of haste
 H - 4 potions of might
 N - a potion of agility {unknown}
 O - 2 potions of degeneration {unknown}
 S - a potion of berserk rage
Books
 f - Kikubaaqudgha's Disquisition on Evil
   (Kikubaaqudgha gifted it to you on level 9 of the Dungeon)

   Spells                             Type                      Level
   a - Excruciating Wounds            Charms/Necromancy            5
   b - Bolt of Draining               Conjuration/Necromancy       5
   c - Cigotuvi's Embrace             Necromancy                   5
   d - Dispel Undead                  Necromancy                   5
   e - Death Channel                  Necromancy                   6
 u - a book of Fire

   Spells                             Type                      Level
   a - Ignite Poison                  Fire/Transmutation/Poison    3
   b - Fireball                       Conjuration/Fire             5
   c - Bolt of Fire                   Conjuration/Fire             6
   d - Delayed Fireball               Conjuration/Fire             7
   e - Ring of Flames                 Charms/Fire                  7
 B - a book of the Dragon

   Spells                             Type                      Level
   a - Flame Tongue                   Conjuration/Fire             1
   b - Cause Fear                     Hexes                        4
   c - Bolt of Fire                   Conjuration/Fire             6
   d - Dragon Form                    Transmutation                7
   e - Dragon's Call                  Summoning                    9
Miscellaneous
 I - a sack of spiders
Comestibles
 c - 7 bread rations
 i - 17 fruits
 J - a meat ration


   Skills:
 - Level 6.0 Fighting
 + Level 9.6 Long Blades
 - Level 3.3 Armour
 - Level 5.0 Dodging
 - Level 1.7 Stealth
 - Level 6.9 Spellcasting
 + Level 5.5 Conjurations
 - Level 2.0 Charms
 + Level 11.7 Necromancy
 - Level 3.0 Evocations


You had one spell level left.
You knew the following spells:

 Your Spells              Type           Power        Failure   Level  Hunger
a - Pain                  Necr           ####         1%          1    None
b - Animate Skeleton      Necr           N/A          1%          1    None
c - Control Undead        Necr           ######....   1%          4    ###....
d - Animate Dead          Necr           N/A          1%          4    ###....
e - Bolt of Draining      Conj/Necr      #####.....   17%         5    #####..
g - Regeneration          Chrm/Necr      #####.....   3%          3    #......
s - Sublimation of Blood  Necr           ######....   1%          2    None
v - Vampiric Draining     Necr           ######....   1%          3    #......


Dungeon Overview and Level Annotations

Branches:
Dungeon (10/15)            Temple (1/1) D:5            Lair (2/8) D:10
    Orc: D:9-12

Altars:
Ashenzari
Cheibriados
Dithmenos
Elyvilon
Fedhas
Gozag
Kikubaaqudgha
Makhleb
Nemelex Xobeh
Okawaru
Pakellas
Qazlal
Ru
Sif Muna
Trog
Vehumet
Xom
Yredelemnul
Zin
The Shining One

Shops:
D:4 ?   D:5 (

Annotations:
D:3 Purgy; chei's ghost, amateur NaFi
D:4 Grinder


Innate Abilities, Weirdness & Mutations

You have claws for feet.
You are partially covered in rough black scales (AC +4, Dex -1).
You regenerate health from kills.
You are mostly covered in sharp spines.


Message History

You hit the molten gargoyle.
The molten gargoyle is lightly damaged.
You slash the molten gargoyle!
The molten gargoyle is heavily damaged.
The molten gargoyle hits you with a mace of protection!
* * * LOW HITPOINT WARNING * * *
You are engulfed in flames.
You resist.
* * * LOW HITPOINT WARNING * * *
You slash the molten gargoyle!
The molten gargoyle is almost destroyed.
The molten gargoyle closely misses you.
A gargoyle comes into view. It is wielding a flail.
You hit the molten gargoyle but do no damage.
The molten gargoyle is almost destroyed.
You slash the molten gargoyle!
You destroy the molten gargoyle!
The gargoyle hurls a stone arrow at you.
The stone arrow hits you!
You die...
Kikubaaqudgha rasps: "You have failed me!
Welcome... death!"

### ## ###.## #.##
##≈≈..###9..# #§≈....#@#
#§§[.).'#####
#≈≈.).###≈#≈##
#≈≈.∩.##≈§≈≈≈######### ##
#≈≈...##≈≈§≈≈≈.'##≈#≈###'
#≈§)...'§§§≈..##§§≈v≈v≈.#
#§§....#§.≈≈.###.≈§≈§v§§#
##≈≈..###§§.## ##.≈§§≈§##
###.## ##.## #..≈≈§.#


You could see a gargoyle.

Vanquished Creatures
  Josephine (D:10)
  A black mamba (Lair:2)
  A molten gargoyle (Volcano)
  3 torpor snails (Lair:2)
  A spiny frog (Lair:1)
  3 komodo dragons
  A troll (D:10)
  A blink frog (Lair:2)
  A wraith (D:10)
  23 yaks
  4 fire elementals (Volcano)
  A hungry ghost (D:9)
  A basilisk (Lair:2)
  A hippogriff (Lair:2)
  6 water moccasins
  An orc warrior (D:8)
  3 porcupines
  2 ice beasts (D:10)
  A necrophage (D:9)
  A swamp drake (D:10)
  A wasp (D:7)
  A black bear (D:3)
  A sky beast (D:9)
  3 ogres
  2 phantoms
  2 centaurs
  5 crocodiles
  3 big kobolds
  3 giant frogs
  A gnoll sergeant (D:6)
  2 scorpions
  7 killer bees
  3 wights (D:8)
  A howler monkey (D:7)
  2 electric eels (Lair:1)
  6 crimson imps
  3 jellies
  4 gnoll shamans
  6 orc priests
  A centaur skeleton (D:4)
  A giant frog skeleton (D:5)
  10 hounds
  9 iguanas
  7 worker ants
  9 orc wizards
  A hound zombie (D:4)
  A hound skeleton (D:4)
  A worker ant zombie (D:5)
  14 adders
  9 gnolls
  An ooze (D:3)
  An adder skeleton (D:5)
  An adder zombie (D:5)
  4 worms
  A dart slug (D:1)
  4 giant geckos
  40 orcs
  6 bats
  10 giant cockroaches
  7 goblins
  13 hobgoblins
  4 jackals (D:1)
  32 kobolds
  5 quokkas
  2 ball pythons
  A giant gecko zombie (D:6)
  7 rats
  A plant (Lair:1)
316 creatures vanquished.

Vanquished Creatures (collateral kills)
  A black mamba (Lair:2)
  2 spiny frogs (Lair:2)
  4 blink frogs
  9 yaks
  2 wraiths (D:10)
  2 water moccasins (Lair:1)
  A necrophage (D:9)
  A crocodile (Lair:1)
  A giant frog (D:8)
  A killer bee (D:9)
  A wight (D:8)
  3 orc wizards
  A giant frog skeleton (D:9)
  3 iguanas
  Ijyb (D:2)
  A worker ant (D:9)
  A worker ant zombie (D:9)
  A gnoll (D:5)
  A worm (D:3)
  3 orcs
  2 goblins
  5 kobolds
  2 plants
49 creatures vanquished.

Vanquished Creatures (others)
  6 plants (Lair:1)
6 creatures vanquished.

Grand Total: 371 creatures vanquished

Notes
Turn   | Place    | Note
--------------------------------------------------------------
     0 | D:1      | Foomius the Demonspawn Necromancer began the quest for the Orb.
     0 | D:1      | Reached XP level 1. HP: 13/13 MP: 3/3
    67 | D:1      | Reached skill level 1 in Fighting
   110 | D:1      | Found a shattered altar of Ashenzari.
   180 | D:1      | Gained mutation: You have sharp toenails. [demonic ancestry]
   180 | D:1      | Reached XP level 2. HP: 15/22 MP: 3/5
   922 | D:1      | Reached XP level 3. HP: 25/28 MP: 1/6
   928 | D:1      | Learned a level 3 spell: Vampiric Draining
  1297 | D:2      | Learned a level 1 spell: Animate Skeleton
  1616 | D:2      | Noticed Ijyb
  1632 | D:2      | Killed Ijyb
  1632 | D:2      | Gained mutation: You have razor-sharp toenails. [demonic ancestry]
  1632 | D:2      | Reached XP level 4. HP: 14/37 MP: 7/7
  2124 | D:3      | Noticed chei's ghost (amateur NaFi)
  2182 | D:3      | Noticed Purgy
  2232 | D:3      | Found a sacrificial altar of Ru.
  2241 | D:3      | Noticed a black bear
  2250 | D:3      | Killed a black bear
  2250 | D:3      | Reached XP level 5. HP: 11/43 MP: 1/9
  2496 | D:4      | Noticed Grinder
  2513 | D:4      | Learned a level 3 spell: Regeneration
  2745 | D:4      | Reached skill level 5 in Fighting
  2745 | D:4      | Gained mutation: You are partially covered in sharp spines. [demonic ancestry]
  2745 | D:4      | Reached XP level 6. HP: 41/51 MP: 5/11
  3059 | D:4      | Reached skill level 5 in Necromancy
  3244 | D:4      | Found Basmeru's Magic Scroll Shoppe.
  3249 | D:4      | Bought a scroll of teleportation for 36 gold pieces
  3249 | D:4      | Bought a scroll of fog for 24 gold pieces
  3249 | D:4      | Bought a scroll of identify for 24 gold pieces
  3249 | D:4      | Bought a scroll of remove curse for 36 gold pieces
  3380 | D:3      | Learned a level 4 spell: Control Undead
  3679 | D:4      | Gained mutation: You regenerate a little health from kills. [demonic ancestry]
  3679 | D:4      | Reached XP level 7. HP: 54/56 MP: 10/13
  3736 | D:4      | Found a glowing golden altar of the Shining One.
  3747 | D:4      | Found a shimmering altar of Xom.
  3857 | D:5      | Entered Level 5 of the Dungeon
  3857 | D:5      | Found a stormy altar of Qazlal.
  4103 | D:5      | Found a glowing silver altar of Zin.
  4104 | D:5      | Noticed an angel
  4121 | D:5      | Found an opulent altar of Gozag.
  4121 | D:5      | Found a sparkling altar of Nemelex Xobeh.
  4225 | D:5      | Reached skill level 1 in Long Blades
  4236 | D:5      | Reached skill level 6 in Necromancy
  4258 | D:5      | Found a snail-covered altar of Cheibriados.
  4314 | D:5      | Found Itiofef's Weapon Boutique.
  4475 | D:5      | Gained mutation: You have claws for feet. [demonic ancestry]
  4475 | D:5      | Reached XP level 8. HP: 61/64 MP: 15/15
  4508 | D:5      | Found a staircase to the Ecumenical Temple.
  4515 | Temple   | Entered the Ecumenical Temple
  4558 | Temple   | Learned a level 4 spell: Animate Dead
  4607 | Temple   | Became a worshipper of Kikubaaqudgha
  4753 | D:5      | Reached skill level 5 in Spellcasting
  4986 | D:6      | Found a radiant altar of Vehumet.
  5001 | D:6      | Found a burning altar of Makhleb.
  5167 | D:6      | Found a shadowy altar of Dithmenos.
  5326 | D:6      | Reached skill level 7 in Necromancy
  5392 | D:6      | Reached * piety under Kikubaaqudgha
  5392 | D:6      | Received a gift from Kikubaaqudgha
  5393 | D:6      | Identified Kikubaaqudgha's Compendium of Black Magic (Kikubaaqudgha gifted it to you on level 6 of the Dungeon)
  6103 | D:6      | Gained mutation: You regenerate health from kills. [demonic ancestry]
  6103 | D:6      | Reached XP level 9. HP: 65/69 MP: 12/16
  6107 | D:6      | Learned a level 2 spell: Sublimation of Blood
  6426 | D:7      | Reached skill level 8 in Necromancy
  6832 | D:7      | Reached skill level 1 in Charms
  7348 | D:8      | Reached ** piety under Kikubaaqudgha
  7516 | D:8      | Reached skill level 5 in Dodging
  7544 | D:8      | Reached skill level 5 in Long Blades
  7619 | D:8      | Reached skill level 1 in Armour
  7959 | D:8      | Got a fine bone ring
  7976 | D:8      | Identified the ring "Fuotul" {-Tele rC+ MP+9 Str+6 Stlth+} (You found it on level 8 of the Dungeon)
  8010 | D:8      | Found an iron altar of Okawaru.
  8152 | D:8      | Found a sacrificial altar of Ru.
  8460 | D:9      | Found an oddly glowing altar of Pakellas.
  8460 | D:9      | Noticed a rakshasa
  8549 | D:9      | Reached skill level 9 in Necromancy
  8554 | D:9      | Reached XP level 10. HP: 76/76 MP: 12/17
  8585 | D:9      | Reached *** piety under Kikubaaqudgha
  8585 | D:9      | Received a gift from Kikubaaqudgha
  8586 | D:9      | Identified Kikubaaqudgha's Disquisition on Evil (Kikubaaqudgha gifted it to you on level 9 of the Dungeon)
  9196 | D:10     | Entered Level 10 of the Dungeon
  9234 | D:10     | Reached skill level 10 in Necromancy
  9364 | D:10     | Noticed Josephine
  9375 | D:10     | Killed Josephine
  9451 | D:10     | Gained mutation: You are mostly covered in sharp spines. [demonic ancestry]
  9451 | D:10     | Reached XP level 11. HP: 78/81 MP: 18/21
  9469 | D:10     | Found a staircase to the Lair.
  9566 | Lair:1   | Entered Level 1 of the Lair of Beasts
  9578 | Lair:1   | Learned a level 5 spell: Bolt of Draining
  9914 | Lair:1   | Reached skill level 1 in Evocations
  9928 | Lair:1   | Reached skill level 1 in Conjurations
  9935 | Lair:1   | Reached **** piety under Kikubaaqudgha
 10644 | Lair:2   | Reached skill level 11 in Necromancy
 10869 | Lair:2   | Reached skill level 5 in Conjurations
 10873 | Lair:2   | Found a snail-covered altar of Cheibriados.
 10881 | Lair:2   | Reached ***** piety under Kikubaaqudgha
 11007 | Lair:2   | Found a dark tunnel.
 11012 | Volcano  | Entered a volcano
 11081 | Volcano  | Gained mutation: You are partially covered in rough black scales (AC +4, Dex -1). [demonic ancestry]
 11081 | Volcano  | Reached XP level 12. HP: 78/88 MP: 22/22
 11170 | Volcano  | Killed from afar by a gargoyle

Vault maps used:
D:1:      dpeg_arrival_signposts, evilmike_ruin_ashenzari
D:2:      uniq_iyjb
D:3:      nicolae_ru_awakened_eye, uniq_purgy
D:4:      kennysheep_spiral_hall, amethyst_overflow_temple_binary, serial_shops,
          kennysheep_little_box, uniq_grinder
D:5:      kennysheep_kobold_camp, grunt_temple_overflow_opulence,
          cheibriados_altar_1, zin_angel, lemuel_doored_altar,
          minmay_temple_entry_nine_rooms, first_bread, serial_shops, shop
D:6:      kennysheep_housing_project,
          grunt_temple_overflow_lords_of_destruction, grunt_dithmenos_shadows
D:8:      marbit_many_paths, okawaru_altar_gauntlet_db
D:9:      gammafunk_pakellas_cloud_experiment
D:10:     erik_lair_dragon, uniq_josephine
Temple:   circular_temple_6
Lair:1:   serial_bayou, serial_bayou_lagoon_a, serial_bayou_shore_a,
          serial_bayou_crossing, serial_bayou_pond_c, infiniplex_staircase_pool
Lair:2:   enter_volcano_4, kennysheep_snail_temple, grunt_megastairs_5
Volcano:  volcano_aerie

Skill      XL: |  1  2  3  4  5  6  7  8  9 10 11 |
---------------+----------------------------------+-----
Fighting       | 1 2 3 4 5 6 |  6.0
Spellcasting   | 3 4 5 6 |  6.9
Necromancy     | 5 6 7 9 10 11 | 11.7
Long Blades    | 1 4 6 7 9 |  9.6
Dodging        | 4 5 |  5.0
Charms         | 2 |  2.0
Armour         | 3 |  3.3
Evocations     | 3 |  3.0
Conjurations   | 5 |  5.5
Stealth        | |  1.7

Action                   |  1- 3 |  4- 6 |  7- 9 | 10-12 || total
-------------------------+-------+-------+-------+-------++-------
Melee: Whip              |    31 |       |       |       ||    31
       Mace              |    10 |    22 |       |       ||    32
       Scimitar          |       |    41 |   186 |   227 ||   454
 Fire: Blowgun           |       |    25 |       |       ||    25
Throw: Stone             |     4 |    12 |     3 |       ||    19
       Javelin           |       |       |    20 |     4 ||    24
       Tomahawk          |       |       |       |     4 ||     4
 Cast: Pain              |    48 |    56 |   118 |    68 ||   290
       Animate Skeleton  |     6 |    19 |    43 |     9 ||    77
       Vampiric Draining |       |     5 |     9 |    11 ||    25
       Regeneration      |       |     5 |     2 |     9 ||    16
       Control Undead    |       |       |     6 |     4 ||    10
       Animate Dead      |       |       |    20 |    27 ||    47
       Sublimation of Bl |       |       |     6 |     1 ||     7
Evoke: Wand              |       |     6 |     2 |     4 ||    12
  Use: Scroll            |       |     5 |     8 |     2 ||    15
       Potion            |       |       |       |     1 ||     1
 Stab: Sleeping          |     1 |     1 |     1 |       ||     3
       Distracted        |     1 |     1 |       |       ||     2
       Confused          |       |     1 |       |       ||     1
  Eat: Chunk             |     3 |     8 |    26 |    16 ||    53
       Fruit             |       |       |     1 |       ||     1
